 Dungeon Crawl Stone Soup version 0.31-a0-7-g51783674b7 (console) character file.

Game seed: 2261183797867266317

651 om the Caller (level 7, 0/36 HPs)
             Began as a Deep Elf Summoner on May 5, 2023.
             Was an Initiate of Sif Muna.
             Killed from afar by Dowan (9 damage)
             ... with a stone arrow
             ... on level 5 of the Dungeon.
             The game lasted 00:12:49 (5161 turns).

om the Caller (Deep Elf Summoner)                   Turns: 5161, Time: 00:12:49

Health: 0/36       AC:  5    Str:  5    XL:     7   Next: 28%
Magic:  4/16       EV: 14    Int: 20    God:    Sif Muna [......]
Gold:   220        SH:  0    Dex: 17    Spells: 10/16 levels left

rFire   . . .        b - +0 sling
rCold   . . .        (no shield)
rNeg    . . .        q - +0 robe
rPois   .            o - +1 helmet
rElec   .            r - +0 cloak
rCorr   .            (no gloves)
SInv    .            (no boots)
Will    .....        (no amulet)
Stlth   +++          (no ring)
HPRegen 0.26/turn    (no ring)
MPRegen 0.15/turn

%: no passive effects
@: no status effects
A: no striking features
a: Renounce Religion


You were on level 5 of the Dungeon.
You worshipped Sif Muna.
Sif Muna was noncommittal.
You visited 2 branches of the dungeon, and saw 6 of its levels.

You collected 220 gold pieces.

Inventory:

Hand Weapons
 a - a +1 dagger of protection
 b - a +0 sling (weapon)
 f - a +0 dagger
Armour
 o - a +1 helmet (worn)
 q - a +0 robe (worn)
 r - a +0 cloak (worn)
Scrolls
 c - a scroll of amnesia {unknown}
 d - 4 scrolls of teleportation
 i - a scroll of butterflies
 j - a scroll of fog {unknown}
 l - a scroll of fear {unknown}
 m - a scroll of enchant armour
 n - a scroll of noise {unknown}
 s - a scroll of enchant weapon {unknown}
Potions
 e - 3 potions of lignification
 g - 2 potions of attraction {unknown}
 h - 4 potions of cancellation
 k - a potion of degeneration {unknown}
 p - a potion of resistance {unknown}
 t - a potion of heal wounds {unknown}
 u - 2 potions of ambrosia {unknown}
 v - 2 potions of invisibility {unknown}
 w - a potion of magic


   Skills:
 * Level 3.0 Ranged Weapons
 + Level 4.7 Dodging
 - Level 5.0 Stealth
 + Level 5.3 Spellcasting
 * Level 6.5 Summonings
 + Level 1.5 Invocations


You had 10 spell levels left.
You knew the following spells:

 Your Spells              Type           Power      Damage    Failure   Level
a - Summon Small Mammal   Summ           100%       N/A       1%          1
b - Call Imp              Summ           62%        N/A       1%          2
c - Call Canine Familiar  Summ           31%        N/A       2%          3

Your spell library contained the following spells:

 Spells                   Type           Power      Damage    Failure   Level
 Summon Guardian Golem    Hex/Summ       18%        N/A       9%          3
 Scorch                   Fire           10%        2d5       17%         2
 Summon Lightning Spire   Summ/Air       18%        N/A       30%         4
 Dazzling Flash           Conj/Hex       10%        N/A       34%         3
 Gell's Gravitas          Tloc           5%         N/A       34%         3
 Teleport Other           Tloc           5%         N/A       34%         3
 Flame Wave               Conj/Fire      5%         2d5       75%         4
 Summon Cactus Giant      Summ           15%        N/A       77%         6
 Agony                    Necr           5%         N/A       97%         5
 Silence                  Hex/Air        2%         N/A       97%         5
 Dispersal                Tloc           2%         N/A       100%        6


Dungeon Overview and Level Annotations

Branches:
Dungeon (5/15)             Temple (1/1) D:4

Altars:
Cheibriados
Dithmenos
Elyvilon
Gozag
Hepliaklqana
Nemelex Xobeh
Okawaru
Qazlal
Ru
Sif Muna
Trog
Vehumet
Zin
The Shining One

Shops:
D:1 =*

Annotations:
D:5 Dowan


Message History

You shoot a sling bullet. The sling bullet closely misses Dowan.
Your hound closely misses Dowan.
Dowan barely misses your cerulean imp.
Your hound misses Dowan.
Your cerulean imp misses Dowan.
Dowan zaps a wand.
The bolt of light misses your cerulean imp.
Fire: b) +0 sling
Press: ? - help, Q - select action, (/) - cycle Shift-Dir - straight line, f/p - Dowan
Aim: Dowan, wielding a +0 dagger, wearing a +0 robe and carrying a wand of light (11) (almost dead, fast, not watching you, ally target, 46% to hit)
You shoot a sling bullet. The sling bullet hits Dowan.
Dowan is almost dead.
Your hound bites Dowan.
Dowan gestures at you while chanting. The stone arrow hits you!
* * * LOW HITPOINT WARNING * * *
Your cerulean imp closely misses Dowan.
Your hound closely misses Dowan.
Dowan gestures wildly while chanting.
Dowan blinks!
There is a stone staircase leading up here.
Dowan points at you and mumbles some strange words.
The stone arrow hits your hound! Dowan hits your hound with a +0 dagger.
Your hound dies!
Your hound's corpse disappears in a puff of smoke!
There is a fountain of clear blue water here.
Casting: Call Imp (safe; 1% risk of failure)
Confirm with . or Enter, or press ? or * to list all spells.
Your cerulean imp closely misses Dowan.
Dowan points at you and mumbles some strange words.
The shard of ice hits your cerulean imp!
Your cerulean imp dies!
Your cerulean imp disappears in a puff of smoke!
Dowan casts a spell.
Dowan blinks!
Casting: Call Canine Familiar (dangerous; 2% risk of failure)
Confirm with . or Enter, or press ? or * to list all spells.
A tiny devil pulls itself out of the air.
Your cerulean imp says, "Let's sow mayhem!"
Dowan zaps a wand.
The bolt of light misses you.
Your hound closely misses Dowan.
Dowan gestures at you while chanting. The stone arrow hits you!
You die...

##.......###.......#.#
#......##...........#
##.##...##.##.......[.
###...#..##...#........#
#...⌠.#####.⌠......(.#(#
#.#....# #..§.#.....##.#
#.##...###...###...###..
#5##....#....# ##+## ###
#..##..@h)..#####.######
##..#.>e5.<.# #.....#.##
##e##.......###.#.#.....
#..#....#....#.....##.##
#e##...###$..##.....####
#e#....# #:...#b...##
#.'.⌠(## ##.⌠.+..b##
###...# #...#.#.# ##.##
#.####[#


You could see Dowan (fast, ally target), a friendly hound (summoned) and a
friendly cerulean imp (summoned).

Vanquished Creatures
  A jelly (D:5)
  An iguana (D:4)
  2 adders
  2 gnolls (D:5)
  A dart slug (D:4)
  2 orcs (D:4)
  3 bats
  An endoplasm (D:3)
  2 giant cockroaches
  3 goblins
  5 hobgoblins
  2 kobolds (D:4)
  2 quokkas (D:3)
  A ball python (D:4)
  A frilled lizard (D:2)
  2 rats
31 creatures vanquished.

Vanquished Creatures (collateral kills)
  Sigmund (D:2)
  Duvessa (D:5)
  2 hounds
  Crazy Yiuf (D:3)
  A jelly (D:4)
  Ijyb (D:4)
  A gnoll (D:5)
  3 adders
  A white imp (D:5)
  2 worms
  3 dart slugs (D:1)
  3 orcs (D:4)
  3 endoplasms
  3 giant cockroaches
  7 goblins
  4 hobgoblins
  7 jackals
  5 quokkas
  3 ball pythons (D:1)
  5 bats
  3 frilled lizards
  2 kobolds
  3 rats (D:1)
65 creatures vanquished.

Grand Total: 96 creatures vanquished

Notes
Turn   | Place    | Note
-------+----------+-------------------------------------------
     0 | D:1      | om the Deep Elf Summoner began the quest for the Orb.
     0 | D:1      | Reached XP level 1. HP: 10/10 MP: 6/6
   236 | D:1      | Found Togholaf's Assorted Antiques.
   330 | D:1      | Reached XP level 2. HP: 15/15 MP: 5/8
   695 | D:1      | Learned a level 2 spell: Call Imp
   768 | D:1      | Reached XP level 3. HP: 19/19 MP: 10/10
   882 | D:1      | Found Wiodif's Jewellery Boutique.
  1063 | D:2      | Learned a level 3 spell: Call Canine Familiar
  1862 | D:2      | Reached XP level 4. HP: 24/24 MP: 7/11
  2176 | D:2      | Reached skill level 5 in Summonings
  2268 | D:3      | Noticed Sigmund
  2275 | D:2      | Killed Sigmund
  2276 | D:2      | Reached XP level 5. HP: 28/28 MP: 8/14
  2482 | D:3      | Found a faded altar of an unknown god.
  2667 | D:3      | Found a runed translucent door.
  2668 | D:3      | Noticed Crazy Yiuf
  2821 | D:3      | Reached XP level 6. HP: 32/32 MP: 15/15
  3134 | D:3      | Killed Crazy Yiuf
  3419 | D:4      | Found a staircase to the Ecumenical Temple.
  3427 | Temple   | Entered the Ecumenical Temple
  3703 | Temple   | Became a worshipper of Sif Muna the Loreminder
  4194 | D:4      | Reached skill level 1 in Ranged Weapons
  4194 | D:4      | Reached skill level 6 in Summonings
  4252 | D:4      | Noticed Ijyb
  4311 | D:4      | Killed Ijyb
  4363 | D:4      | Reached skill level 5 in Spellcasting
  4713 | D:5      | Entered Level 5 of the Dungeon
  4746 | D:5      | Reached skill level 1 in Invocations
  4922 | D:5      | Reached XP level 7. HP: 30/36 MP: 13/16
  5079 | D:5      | Noticed Dowan
  5080 | D:5      | Noticed Duvessa
  5147 | D:5      | Killed Duvessa
  5148 | D:5      | Reached skill level 5 in Stealth
  5161 | D:5      | Killed from afar by Dowan

Illustrated notes

Levels and vault maps discovered:
D:1:      amcnicky_arrival_blooded_trapdoor, layout_loops_ring, serial_shops,
          shop, shop, due_unseen_surprise
D:2:      minmay_wonky_spiral, layout_basic, dk_vineyard_2
D:3:      layout_basic, basic_ecumenical_altar, hex_medium,
          uniq_crazy_yiuf_cottage, uniq_sigmund
D:4:      layout_basic, temple_statues, uniq_ijyb
D:5:      minmay_bubble_buster, layout_loops_corners, enter_ossuary_3,
          amcnicky_mini_corridor_feature, hangedman_abyss_or_decor_stagger,
          grunt_ministairs_13, uniq_duvessa
Temple:   dpeg_chambers_temple

Skill      XL: |  1  2  3  4  5  6  7 |
---------------+----------------------+-----
Stealth        | 3 4 5 |  5.0
Dodging        | 3 4 |  4.7
Spellcasting   | 4 5 |  5.3
Summonings     | 5 6 |  6.5
Ranged Weapons | 2 3 |  3.0
Invocations    | 1 |  1.5

Action                     |  1- 3 |  4- 6 |  7- 9 || total
---------------------------+-------+-------+-------++-------
  Melee: Unarmed           |    14 |       |       ||    14
         Dagger            |    15 |    53 |       ||    68
   Fire: Sling             |       |    68 |     6 ||    74
   Cast: Summon Small Mamm |    33 |     8 |     5 ||    46
         Call Imp          |     9 |    16 |     5 ||    30
         Call Canine Famil |     4 |    19 |     6 ||    29
    Use: Scroll            |       |     5 |       ||     5
   Stab: Sleeping          |     3 |     9 |       ||    12
         Distracted        |     1 |       |       ||     1
 Armour: Robe              |    13 |    26 |     3 ||    42
  Dodge: Dodged            |    56 |    73 |    13 ||   142

Table legend: (Time is in decaauts)
 A = Elapsed time spent in this place.
 B = Non-inter-level travel time spent in this place.
 C = Inter-level travel time spent in this place.
 D = Time resting spent in this place.
 E = Time spent auto-exploring this place.
 F = Levels seen in this place.
 G = Mean time per level.
                   A        B        C        D        E       F      G
               +--------+--------+--------+--------+--------+-----+--------+
         Total |   5185 |   4912 |    273 |     56 |   3696 |   6 |  864.2 |
       Dungeon |   4895 |   4666 |    229 |     56 |   3464 |   5 |  979.0 |
        Temple |    289 |    245 |     44 |      0 |    232 |   1 |  289.0 |
               +--------+--------+--------+--------+--------+-----+--------+

Top non-repeatable levels by time:
     D:2: 1269 daAuts
     D:4: 1095 daAuts
     D:1: 1047 daAuts
     D:3: 1029 daAuts
     D:5: 453 daAuts
  Temple: 289 daAuts
